 Dungeon Crawl Stone Soup version 0.30.0 (webtiles) character file.

Game seed: 14219637209774643634

78 Dani the Chopper (level 4, 33/35 HPs)
             Began as a Demonspawn Fighter on May 19, 2023.
             Quit the game on level 2 of the Dungeon.
             The game lasted 00:02:00 (1202 turns).

Dani the Chopper (Demonspawn Fighter)               Turns: 1202, Time: 00:02:00

Health: 33/35      AC:  8    Str: 17    XL:     4   Next: 15%
Magic:  4/4        EV:  9    Int: 11    God:
Gold:   120        SH:  4    Dex: 12    Spells: 3/3 levels left

rFire   . . .        a - +0 war axe
rCold   . . .        c - +0 buckler
rNeg    . . .        b - +0 scale mail
rPois   .            (helmet restricted)
rElec   .            g - scarf {repulsion}
rCorr   .            (no gloves)
SInv    .            (no boots)
Will    .....        (no amulet) Stlth
                     (no ring)
HPRegen 0.25/turn    (no ring)
MPRegen 0.09/turn

%: repel missiles
@: no status effects
A: horns 1, yellow scales 1
a: no special abilities


You were on level 2 of the Dungeon.
You visited 1 branch of the dungeon, and saw 2 of its levels.

You collected 120 gold pieces.

Inventory:

Hand Weapons
 a - a +0 war axe (weapon)
Armour
 b - a +0 scale mail (worn)
 c - a +0 buckler (worn)
 g - a scarf of repulsion (worn)
   (You found it on level 1 of the Dungeon)
Jewellery
 f - a +6 ring of intelligence
   (You found it on level 1 of the Dungeon)
Potions
 d - a potion of might
 e - 3 potions of brilliance {unknown}
 h - a potion of attraction {unknown}
 i - a potion of flight {unknown}
 j - a potion of degeneration {unknown}


   Skills:
 - Level 3.0 Fighting
 + Level 4.1 Axes
 - Level 2.6 Armour
 - Level 2.6 Shields


You had 3 spell levels left.
You didn't know any spells.
Your spell library contained the following spells:

 Spells                   Type           Power      Damage    Failure   Level
 Lesser Beckoning         Tloc           0%         N/A       93%         2
 Gell's Gravitas          Tloc           0%         N/A       99%         3
 Teleport Other           Tloc           0%         N/A       99%         3


Dungeon Overview and Level Annotations

Branches:
Dungeon (2/15)

Altars:
Wu Jian


Innate Abilities, Weirdness & Mutations

You have a pair of small horns on your head.
You are partially covered in yellow scales. (AC +2)


Message History

A jackal is nearby!
You hit the jackal.
You kill the jackal!
Key pressed, stopping explore.
No target in view!
A giant cockroach comes into view.
Found a stone staircase leading up.
Found a fuming inky potion and a black potion.
Found a stone staircase leading down.
A giant cockroach is nearby!
A giant cockroach is nearby!
You slash the giant cockroach!
You kill the giant cockroach!
You see here a giant cockroach corpse.
i - a fuming inky potion No target in view!
j - a black potion No target in view!
Key pressed, stopping explore.
No target in view!
A hobgoblin comes into view.
The hobgoblin shouts!
A hobgoblin is nearby!
A hobgoblin is nearby!
The hobgoblin barely misses you.
A hobgoblin is nearby!
You hit the hobgoblin.
The hobgoblin is severely wounded.
The hobgoblin barely misses you.
The hobgoblin hits you but does no damage.
A hobgoblin is nearby!
You barely miss the hobgoblin.
The hobgoblin is severely wounded.
You block the hobgoblin's attack.
A hobgoblin is nearby!
You hit the hobgoblin but do no damage.
You headbutt the hobgoblin, but do no damage.
The hobgoblin is severely wounded.
The hobgoblin barely misses you.
A hobgoblin is nearby!
You closely miss the hobgoblin.
The hobgoblin is severely wounded.
You block the hobgoblin's attack. The hobgoblin hits you.
A hobgoblin is nearby!
You hit the hobgoblin.
You headbutt the hobgoblin, but do no damage.
The hobgoblin is almost dead.
The hobgoblin barely misses you.
A hobgoblin is nearby!
You closely miss the hobgoblin.
The hobgoblin is almost dead.
The hobgoblin closely misses you.
A hobgoblin is nearby!
You barely miss the hobgoblin. You headbutt the hobgoblin.
You kill the hobgoblin!
You see here a hobgoblin corpse.
You see here a hobgoblin corpse.
Key pressed, stopping explore.
No target in view!
You see here a hobgoblin corpse.
Key pressed, stopping explore.
No target in view!
You now have 78 gold pieces (gained 8).
You now have 90 gold pieces (gained 12).
You see here a hobgoblin corpse.
You see here a giant cockroach corpse.
You now have 102 gold pieces (gained 12).
You now have 120 gold pieces (gained 18).
A goblin and a rat come into view.
The goblin shouts!
You hear a shout!
You see here a +0 leather armour. 2 gnolls come into view.
A gnoll is wielding a +1 whip of holy wrath.
A gnoll comes into view. It is wielding a +1 whip of draining.
The gnoll shouts!
The rat bites you. The goblin hits you but does no damage.
You barely miss the rat. You headbutt the rat.
You kill the rat!
You hit the goblin.
You kill the goblin!
You slash the gnoll!
The gnoll is heavily wounded.
You barely miss the gnoll. The gnoll hits you with a +0 club.
You block the gnoll's attack.
You slash the gnoll!
You kill the gnoll!
You hit the gnoll. You slash the gnoll!
You kill the gnoll!
You hit the gnoll. The gnoll barely misses you.
You have reached level 4!
You feel stronger.
Your demonic ancestry asserts itself...
Yellow scales grow over part of your body.
You slash the gnoll! You headbutt the gnoll.
You kill the gnoll!
Your Axes skill increases to level 4!
No target in view!
No target in view!
No target in view!
Are you sure you want to abandon this character and quit the game? (Confirm with "yes".)

# ##......## ######### #
##........###.......# #
#..........##.......# #
#..........##.......# #
#........[.##.......####
#..........##..........#
#.....)))..##.......##..
#.....@................
#...<...................
...........#########....
#............[# #.##.
#.............#########.#..
#.............#............
#...............########...
#...........#.### #...
#.....#######.# ##...


There were no monsters in sight!

Vanquished Creatures
  3 gnolls (D:2)
  A worm (D:2)
  2 endoplasms (D:1)
  4 giant cockroaches
  4 goblins
  5 hobgoblins
  5 jackals
  4 kobolds
  3 quokkas
  A ball python (D:1)
  A bat (D:2)
  6 frilled lizards
  5 rats
44 creatures vanquished.

Notes
Turn   | Place    | Note
-------+----------+-------------------------------------------
     0 | D:1      | Dani the Demonspawn Fighter began the quest for the Orb.
     0 | D:1      | Reached XP level 1. HP: 18/18 MP: 1/1
    51 | D:1      | Reached skill level 2 in Axes
   184 | D:1      | Gained mutation: You have a pair of small horns on your
                  | head. [demonic ancestry]
   184 | D:1      | Reached XP level 2. HP: 23/24 MP: 2/2
   380 | D:1      | Reached skill level 3 in Axes
   815 | D:2      | Found an ornate altar of the Wu Jian Council.
   819 | D:2      | Reached XP level 3. HP: 29/29 MP: 3/3
  1201 | D:2      | Gained mutation: You are partially covered in yellow
                  | scales. (AC +2) [demonic ancestry]
  1201 | D:2      | Reached XP level 4. HP: 32/35 MP: 4/4
  1202 | D:2      | Reached skill level 4 in Axes
  1202 | D:2      | Quit the game

Illustrated notes

Levels and vault maps discovered:
D:1:      tekkud_arrival_beachfront_property, layout_loops_cross,
          amcnicky_mini_corridor_feature
D:2:      layout_rooms, basic_altar

Skill      XL: |  1  2  3  4 |
---------------+-------------+-----
Axes           | 2 3 4 |  4.1
Fighting       | |  3.0
Armour         | |  2.6
Shields        | |  2.6

Action                     |  1- 3 |  4- 6 || total
---------------------------+-------+-------++-------
  Melee: War axe           |    95 |     1 ||    96
         Headbutt          |    11 |     1 ||    12
    Use: Scroll            |     2 |       ||     2
 Armour: Scale mail        |    54 |       ||    54
  Dodge: Dodged            |    47 |       ||    47
  Block: Buckler           |    19 |       ||    19

Levels and vault maps discovered:
D:1:      tekkud_arrival_beachfront_property, layout_loops_cross,
          amcnicky_mini_corridor_feature
D:2:      layout_rooms, basic_altar

Table legend: (Time is in decaauts)
 A = Elapsed time spent in this place.
 B = Non-inter-level travel time spent in this place.
 C = Inter-level travel time spent in this place.
 D = Time resting spent in this place.
 E = Time spent auto-exploring this place.
 F = Levels seen in this place.
 G = Mean time per level.
                   A        B        C        D        E       F      G
               +--------+--------+--------+--------+--------+-----+--------+
         Total |   1239 |   1205 |     34 |      0 |    942 |   2 |  619.5 |
       Dungeon |   1239 |   1205 |     34 |      0 |    942 |   2 |  619.5 |
               +--------+--------+--------+--------+--------+-----+--------+

Top non-repeatable levels by time:
     D:1: 827 daAuts
     D:2: 411 daAuts

Table legend:
 A = Kills in this place as a percentage of kills in the entire game.
 B = Kills by you in this place as a percentage of kills by you in the entire game.
 C = Kills by friends in this place as a percentage of kills by friends in the entire game.
 D = Other kills in this place as a percentage of other kills in the entire game.
 E = Experience gained in this place as a percentage of experience gained in the entire game.
 F = Experience gained in this place divided by the number of levels of this place that you have seen.
                   A       B       C       D       E      F
               +-------+-------+-------+-------+-------+----------------------
         Total | 100.0 | 100.0 |   N/A |   N/A | 100.0 |  56.0
       Dungeon | 100.0 | 100.0 |   N/A |   N/A | 100.0 |  56.0
               +-------+-------+-------+-------+-------+----------------------
